 Dungeon Crawl Stone Soup version 0.14-a0-445-g388476e (webtiles) character file.

16745 Leibowitz the Nimble (level 12, -8/112 HPs)
             Began as a Kobold Berserker on Oct 29, 2013.
             Was a High Priest of Trog.
             Killed from afar by a deep elf conjurer (26 damage)
             ... with a bolt of cold
             ... on Level 11 of the Dungeon.
             The game lasted 01:06:40 (18511 turns).

Leibowitz the Nimble (Kobold Berserker)            Turns: 18511, Time: 01:06:41

HP  -8/112       AC  5     Str 27      XL: 12   Next: 64%
MP   5/5         EV 25     Int  5      God: Trog [*****.]
Gold 790         SH  0     Dex 18      Spells:  0 memorised, 11 levels left

Res.Fire  : . . .   See Invis. : .   u - +0,+8 short sword (antimagic)
Res.Cold  : . . .   Warding    : .   b - +0 animal skin
Life Prot.: . . .   Conserve   : +   (no shield)
Res.Poison: +       Res.Corr.  : .   r - +0 spiked helmet
Res.Elec. : .       Clarity    : .   f - +0 cloak
Sust.Abil.: . .     Spirit.Shd : .   h - +0 pair of gauntlets
Res.Mut.  : .       Stasis     : .   (no boots)
Res.Rott. : .       Flight     : .   H - amulet of conservation
Saprovore : + + .                    N - +4 ring of strength
                                     o - ring of poison resistance

@: berserking, heavily drained, very quick, somewhat resistant to hostile
enchantments, extremely unstealthy
A: disease resistance, carnivore 3, saprovore 2
a: Burn Spellbooks, Berserk, Trog's Hand, Brothers in Arms, Renounce Religion


You were on level 11 of the Dungeon.
You worshipped Trog.
Trog was extremely pleased with you.
You were not hungry.

You visited 3 branches of the dungeon, and saw 15 of its levels.

You collected 770 gold pieces.

Inventory:

Hand weapons
 a - a +4,+1 sabre of speed
 u - a +0,+8 anti-magic short sword (weapon)
 A - a +2,+0 short sword of electrocution
 I - a +2,+1 orcish dagger of freezing
 M - a +2,+4 orcish short sword
Missiles
 q - 27 poisoned needles
 w - 16 darts of frost (quivered)
Armour
 b - a +0 animal skin (worn)
 f - a +0 cloak (worn)
 h - a +0 pair of gauntlets (worn)
 r - a +0 spiked helmet (worn)
Magical devices
 e - a wand of digging (13)
 n - a wand of disintegration (8)
 s - a wand of frost (17)
 x - a wand of disintegration (16)
 B - a wand of flame (4)
 D - a wand of digging (15)
 L - a wand of frost (15)
Comestibles
 c - a meat ration
Scrolls
 g - 3 scrolls of magic mapping
 j - 7 scrolls of identify
 k - a scroll of enchant weapon I
 m - 3 scrolls of fog
 t - 7 scrolls of teleportation
 C - 2 scrolls of remove curse
 K - 2 scrolls of blinking
Jewellery
 i - an uncursed amulet of clarity
 o - a ring of poison resistance (left hand)
 y - an uncursed ring of see invisible
 F - an uncursed ring of protection from fire
 H - an amulet of conservation (around neck)
 N - a +4 ring of strength (right hand)
Potions
 d - 2 potions of might
 l - 2 potions of curing
 p - 5 potions of heal wounds
 v - a potion of magic
 z - a potion of restore abilities
 E - 2 potions of speed
Books
 G - a book of Envenomations

   Spells                             Type                      Level
   Spider Form                        Transmutation/Poison         3
   Poison Weapon                      Charms/Poison                3
   Summon Scorpions                   Summoning/Poison             4
   Olgreb's Toxic Radiance            Poison                       4
   Poisonous Cloud                    Conjuration/Poison/Air       6
   Trog disapproves of the use of such an item.


   Skills:
 * Level 10.4(8.9) Fighting
 + Level 12.2(10.7) Short Blades
 + Level 1.5(0.3) Armour
 * Level 13.5(11.9) Dodging
 * Level 13.1(11.5) Stealth
 + Level 2.2(1.0) Evocations


You had 11 spell levels left.
You didn't know any spells.

Dungeon Overview and Level Annotations

Branches:
Dungeon (11/27)            Temple (1/1) D:4             Orc (0/4) D:11
   Lair (3/8) D:8
  Swamp: Lair:3-6    Shoals: Lair:3-6     Snake: Lair:3-6    Spider: Lair:3-6

Altars:
Ashenzari
Cheibriados
Elyvilon
Fedhas
Kikubaaqudgha
Makhleb
Nemelex Xobeh
Okawaru
Sif Muna
Trog
Vehumet
Xom
Yredelemnul
Zin
the Shining One
Beogh

Shops:
D:5 !   D:7 }

Annotations:
D:7 exclusions: 4 doors and 1 more exclusion
Lair:1 exclusion: oklob plant


Innate Abilities, Weirdness & Mutations

You recuperate from illness quickly.
You are small and have problems with some larger weapons.
You are carnivorous and can eat meat at any time.
You can eat rotten meat.


Message History

The deep elf conjurer's magic leaks into the air.
The deep elf conjurer is heavily wounded.
The deep elf conjurer closely misses you.
You puncture the deep elf conjurer!
The deep elf conjurer's magic leaks into the air.
The deep elf conjurer is severely wounded.
The deep elf conjurer hits you but does no damage.
You closely miss the deep elf conjurer.
The deep elf conjurer is severely wounded.
You hit the deep elf conjurer.
The deep elf conjurer's magic leaks into the air.
The deep elf conjurer is lightly wounded.
The deep elf conjurer points at you and mumbles some strange words.
The bolt of negative energy hits you!
You feel drained.
* * * LOW HITPOINT WARNING * * *
You closely miss the deep elf conjurer.
The deep elf conjurer is lightly wounded.
The deep elf conjurer casts a spell at you.
The bolt of cold hits you!
You die...

### ##....#
#.......##......#
..####....#
#...#...##...####
..##......#
####....######
..##......### #......#
..##........###....<.###
..###.)................#
8####......###########.#
...##......##....e..[#.#
......#....##...@e...#.#
#######....##'#####..#.#
#....##.# #.#
#....##.#####..#.#
#....#...)..'..#.#
##....'))########.#
#.....###########.#
####...).............#
#.........############


You could see 2 deep elf conjurers.

Vanquished Creatures
  Pikel (D:6)
  3 hill giants
  An elephant (D:8)
  2 spiny frogs
  2 black mambas
  A komodo dragon (Lair:1)
  Prince Ribbit (D:8)
  A basilisk (Lair:1)
  2 hogs (D:7)
  10 yaks
  A wraith (D:9)
  A hungry ghost (D:11)
  An elephant slug (D:8)
  A hill giant skeleton (D:8)
  7 hippogriffs
  Edmund (D:4)
  Menkaure (D:6)
  A necrophage (D:6)
  4 sky beasts
  2 porcupines (Lair:1)
  8 orc warriors
  A black bear (Lair:1)
  3 ice beasts
  A human (D:7)
  An elf zombie (D:9)
  7 ogres
  Sigmund (D:3)
  Duvessa (D:6)
  2 water moccasins
  3 centaurs
  4 crocodiles
  Blork the orc (D:6)
  2 giant slugs
  An agate snail (Lair:2)
  5 giant frogs
  A killer bee (D:11)
  A wyvern skeleton (D:7)
  2 troll zombies
  16 wights
  A hippogriff zombie (D:6)
  A hippogriff skeleton (D:9)
  2 goliath beetles (D:9)
  7 crimson imps
  Dowan (D:6)
  8 hounds
  3 jellies
  10 orc wizards
  Crazy Yiuf (D:3)
  A quasit (D:8)
  A centaur skeleton (D:5)
  4 scorpions
  8 orc priests
  5 iguanas
  8 worker ants
  3 sheep
  A sky beast zombie (D:5)
  Ijyb (D:2)
  Jessica (D:3)
  2 ogre skeletons
  2 mummies (D:9)
  A worker ant zombie (D:5)
  13 adders
  11 gnolls
  5 human zombies (D:9)
  A giant centipede (Lair:2)
  8 green rats (Lair:2)
  2 giant mites
  2 worms
  An adder skeleton (D:8)
  3 giant eyeballs
  10 giant geckos
  3 oozes
  61 orcs
  A ball python (D:2)
  3 giant cockroaches
  15 hobgoblins
  29 jackals
  10 kobolds
  7 quokkas
  16 bats
  A giant gecko skeleton (D:9)
  4 giant newts
  A giant newt skeleton (D:5)
  A giant spore (D:11)
  12 goblins
  A goblin zombie (D:5)
  A jackal skeleton (D:7)
  2 orc skeletons
  An orc zombie (D:9)
  A quokka skeleton (D:6)
  20 rats
  9 ballistomycetes (D:11)
432 creatures vanquished.

Vanquished Creatures (collateral kills)
  Harold (Lair:2)
  A hydra (D:11)
  An orc warrior (D:9)
  7 wights (D:7)
  4 killer bees (D:11)
  A crimson imp (D:11)
  An orc wizard (D:9)
  A worker ant zombie (D:11)
  A scorpion zombie (D:7)
  2 orcs (D:9)
20 creatures vanquished.

Vanquished Creatures (others)
  A slave (D:6)
  An ogre (D:7)
2 creatures vanquished.

Grand Total: 454 creatures vanquished

Notes
Turn   | Place    | Note
--------------------------------------------------------------
     0 | D:1      | Leibowitz, the Kobold Berserker, began the quest for the Orb.
     0 | D:1      | Reached XP level 1. HP: 14/14 MP: 0/0
   383 | D:1      | Reached XP level 2. HP: 12/19 MP: 1/1
   905 | D:1      | Reached skill level 1 in Stealth
  1152 | D:2      | Reached XP level 3. HP: 24/24 MP: 2/2
  1218 | D:2      | Noticed Ijyb
  1223 | D:2      | Acquired Trog's second power
  1237 | D:2      | Killed Ijyb
  1529 | D:2      | Reached XP level 4. HP: 25/29 MP: 3/3
  2420 | D:3      | Reached XP level 5. HP: 26/33 MP: 4/4
  2542 | D:3      | Found a glowing silver altar of Zin.
  3160 | D:3      | Noticed Crazy Yiuf
  3173 | D:3      | Killed Crazy Yiuf
  3173 | D:3      | Reached skill level 5 in Short Blades
  3478 | D:3      | Noticed Jessica
  3498 | D:3      | Killed Jessica
  3498 | D:3      | Reached skill level 5 in Dodging
  3697 | D:3      | Reached XP level 6. HP: 34/39 MP: 5/5
  3813 | D:3      | Noticed Sigmund
  3827 | D:3      | Killed Sigmund
  4124 | D:4      | Noticed Edmund
  4143 | D:4      | Killed Edmund
  4143 | D:4      | Reached skill level 6 in Dodging
  4143 | D:4      | Reached XP level 7. HP: 29/43 MP: 6/6
  4148 | D:4      | Acquired Trog's third power
  4317 | D:4      | Found a burning altar of Makhleb.
  4349 | D:4      | Found a staircase to the Ecumenical Temple.
  4763 | D:4      | Reached skill level 7 in Dodging
  5370 | D:4      | Reached XP level 8. HP: 24/48 MP: 7/7
  5624 | Temple   | Entered the Ecumenical Temple
  5718 | D:5      | Entered Level 5 of the Dungeon
  5719 | D:5      | Reached skill level 5 in Stealth
  5738 | D:5      | Reached skill level 5 in Fighting
  5738 | D:5      | Reached skill level 8 in Dodging
  5995 | D:5      | Found an iron altar of Okawaru.
  6279 | D:5      | Found Adaeki's Distillery.
  6758 | D:5      | Reached skill level 9 in Dodging
  6920 | D:5      | Found a radiant altar of Vehumet.
  6920 | D:5      | Found a bloodstained altar of Trog.
  7221 | D:6      | Noticed Blork the orc
  7225 | D:6      | Received a gift from Trog
  7252 | D:6      | Killed Blork the orc
  7252 | D:6      | Reached XP level 9. HP: 39/54 MP: 9/9
  7595 | D:6      | Noticed Menkaure
  7600 | D:6      | Noticed Duvessa
  7606 | D:6      | Killed Menkaure
  7606 | D:6      | Reached skill level 1 in Evocations
  7644 | D:6      | Reached skill level 10 in Dodging
  7709 | D:6      | Noticed Dowan
  7720 | D:6      | Killed Dowan
  7733 | D:6      | Killed Duvessa
  8270 | D:6      | Noticed Pikel
  8285 | D:6      | Killed Pikel
  8542 | D:6      | Reached XP level 10. HP: 41/60 MP: 11/11
  9039 | D:7      | Found a snail-covered altar of Cheibriados.
  9080 | D:7      | Reached skill level 11 in Dodging
  9189 | D:7      | Found Qayseza's Gadget Shoppe.
  9194 | D:7      | Found a burning altar of Makhleb.
  9290 | D:7      | Noticed a polar bear
  9290 | D:7      | Noticed a polar bear
  9290 | D:7      | Noticed a griffon
  9290 | D:7      | Noticed a griffon
  9517 | D:7      | Found an ancient bone altar of Kikubaaqudgha.
  9593 | D:7      | Found a blossoming altar of Fedhas.
 10461 | D:8      | Reached skill level 10 in Stealth
 10691 | D:8      | Noticed Prince Ribbit
 10713 | D:8      | Killed Prince Ribbit
 10824 | D:8      | Noticed an elephant
 10828 | D:8      | Found a staircase to the Lair.
 11082 | D:8      | Reached XP level 11. HP: 28/67 MP: 13/13
 11150 | D:8      | Killed an elephant
 11952 | Lair:1   | Entered Level 1 of the Lair of Beasts
 12006 | Lair:1   | Reached skill level 12 in Dodging
 12030 | Lair:1   | Reached skill level 10 in Short Blades
 12350 | Lair:1   | Received a gift from Trog
 13214 | Lair:1   | Found a snail-covered altar of Cheibriados.
 13215 | Lair:1   | Noticed an oklob plant
 14385 | Lair:2   | Noticed Harold
 14396 | Lair:2   | Killed Harold
 14760 | Lair:3   | Noticed a five-headed hydra
 15957 | D:9      | HP: 3/68 [goliath beetle (24)]
 16446 | D:9      | Reached XP level 12. HP: 70/74 MP: 15/15
 16495 | D:9      | Found an ancient bone altar of Kikubaaqudgha.
 16668 | D:10     | Entered Level 10 of the Dungeon
 16687 | D:10     | Received a gift from Trog
 16693 | D:10     | Reached skill level 10 in Fighting
 16693 | D:10     | Reached skill level 13 in Dodging
 17299 | D:10     | Found a glowing golden altar of the Shining One.
 17375 | D:11     | Noticed a seven-headed hydra
 17387 | D:11     | Killed an eight-headed hydra
 17969 | D:11     | Received a gift from Trog
 18044 | D:11     | Found a roughly hewn altar of Beogh.
 18209 | D:11     | Found a staircase to the Orcish Mines.
 18294 | D:11     | Paralysed by a giant eyeball for 2 turns
 18307 | D:11     | Paralysed by a potion of paralysis for 3 turns
 18398 | D:11     | Got a brightly glowing platinum ring
 18399 | D:11     | Identified the ring "Qarhoi Pryiph" {MR Str+4 Int-3} (You found it on level 11 of the Dungeon)
 18511 | D:11     | Killed from afar by a deep elf conjurer

Action                   |  1- 3 |  4- 6 |  7- 9 | 10-12 || total
-------------------------+-------+-------+-------+-------++-------
Melee: Short sword       |   127 |   291 |   463 |   292 ||  1173
       Sabre             |       |       |   200 |  1320 ||  1520
Throw: Dart              |       |     1 |     1 |    13 ||    15
Invok: Berserk           |     1 |     3 |     7 |    10 ||    21
       Burn Spellbooks   |       |       |     1 |     1 ||     2
       Brothers in Arms  |       |       |       |     5 ||     5
Evoke: Wand              |       |       |    15 |    10 ||    25
  Use: Scroll            |       |    13 |     4 |     5 ||    22
       Potion            |       |       |     9 |     7 ||    16
 Stab: Sleeping          |     1 |     3 |     8 |    50 ||    62
       Distracted        |       |     1 |     1 |     2 ||     4
